 Seeded DCSS version 0.28-a0-1206-g193881aaa2 (webtiles) character file.

Game seed: 3149488895049079488 (custom seed)

12892 oldmanjim the Bludgeoner (level 12, -2/72 HPs)
             Began as a Gargoyle Fighter on Dec 20, 2021.
             Was an Initiate of Gozag.
             Hit by a large rock thrown by a cyclops (29 damage)
             ... on level 11 of the Dungeon.
             The game lasted 01:19:16 (10925 turns).

oldmanjim the Bludgeoner (Gargoyle Fighter)        Turns: 10925, Time: 01:19:22

Health: -2/72      AC: 23    Str: 27    XL:     12   Next: 0%
Magic:  2/16       EV: 11    Int: 10    God:    Gozag
Gold:   973        SH:  9    Dex:  9    Spells: 16/16 levels left

rFire   . . .      SeeInvis .   a - +9 flail "Gam Yter" {spect, rC+ rN+}
rCold   + . .      Faith    .   C - +0 buckler
rNeg    + + .      Spirit   .   P - +3 ring mail
rPois   ∞          Reflect  +   (no helmet)
rElec   +          Harm     .   F - +0 cloak
rCorr   .          Rampage  .   T - +3 Mad Mage's Maulers {Infuse+∞ RegenMP Int-3}
Will    .....                   (no boots)
Stlth   +.........              v - amulet of reflection
HPRegen 0.22/turn               n - +6 ring of strength
MPRegen 0.55/turn               (no ring)

@: spiked, gold aura, invisible
A: sickness immunity, AC +8, negative energy resistance 1, electricity
resistance, torment resistance 1, petrification resistance
a: Renounce Religion, Potion Petition, Call Merchant, Bribe Branch


You were on level 11 of the Dungeon.
You worshipped Gozag.
Gozag was pleased with you.
You visited 2 branches of the dungeon, and saw 12 of its levels.
You also visited: Sewer.

You collected 1997 gold pieces.
You spent 954 gold pieces at shops.
You paid 70 gold pieces to Gozag.

Inventory:

Hand Weapons
 a - the +9 flail "Gam Yter" (weapon) {spect, rC+ rN+}
   (You found it on level 5 of the Dungeon)

   When its wielder attacks, the weapon's spirit leaps out and strikes again.
   The spirit shares a part of any damage it takes with its wielder.
   rC:        It protects you from cold.
   rN:        It protects you from negative energy.
 c - a +2 whip of freezing
Missiles
 f - 279 stones (quivered)
 i - 14 poisoned darts
 l - 75 sling bullets
 t - 104 arrows
 B - a silver boomerang
 G - a throwing net
 L - 55 bolts
 R - 3 boomerangs
 U - 3 curare-tipped darts
Armour
 s - a +0 chain mail
 w - a +0 pair of gloves
 C - a +0 buckler (worn)
 F - a +0 cloak (worn)
 K - the +2 leather armour "Nyasongula" {rF++ Int-5 Dex+3}
   (You found it on level 7 of the Dungeon)

   Int:       It affects your intelligence (-5).
   Dex:       It affects your dexterity (+3).
   rF:        It greatly protects you from fire.
 P - a +3 ring mail (worn)
 T - the +3 Mad Mage's Maulers (worn) {Infuse+∞ RegenMP Int-3}
   (You bought it in a shop on level 10 of the Dungeon)

   It empowers its wearer's blows with all of their magic.
   It causes its wearer's magical reserves to regenerate more quickly.
   Int:       It affects your intelligence (-3).
Jewellery
 e - an amulet of magic regeneration
 n - a +6 ring of strength (left hand)
 v - an amulet of reflection (around neck)
Wands
 d - a wand of flame (36)
 M - a wand of mindburst (13)
 O - a wand of charming (14)
 V - a wand of iceblast (4)
Scrolls
 b - 5 scrolls of teleportation {unknown}
 h - 2 scrolls of magic mapping {unknown}
 k - a scroll of blinking {unknown}
 q - 2 scrolls of immolation {unknown}
 u - 3 scrolls of enchant weapon {unknown}
 x - 4 scrolls of fear {unknown}
 y - 2 scrolls of enchant armour {unknown}
 H - 3 scrolls of amnesia {unknown}
 J - 2 scrolls of identify
 S - 2 scrolls of vulnerability {unknown}
Potions
 g - 3 potions of curing
 j - 2 potions of resistance
 m - 2 potions of flight
 o - a potion of lignification
 p - 2 potions of invisibility
 r - 2 potions of mutation
 z - 3 potions of haste
 A - 2 potions of magic {unknown}
 D - a potion of ambrosia
 E - a potion of brilliance {unknown}
 I - a potion of berserk rage
 N - a potion of attraction {unknown}
 Q - 2 potions of degeneration {unknown}


   Skills:
 - Level 7.0 Fighting
 - Level 15.0 Maces & Flails
 + Level 6.2 Armour
 - Level 3.0 Dodging
 - Level 3.0 Stealth
 - Level 5.0 Shields
 + Level 2.9 Spellcasting
 - Level 5.0 Evocations


You had 16 spell levels left.
You didn't know any spells.
Your spell library contained the following spells:

 Spells                   Type           Power      Damage    Failure   Level
 Apportation              Tloc           2%         N/A       38%         1
 Tukima's Dance           Hex            1%         N/A       77%         3
 Animate Dead             Necr           0%         N/A       99%         4
 Hailstorm                Conj/Ice       1%         3d3       99%         4
 Ice Form                 Ice/Tmut       1%         N/A       99%         4
 Leda's Liquefaction      Hex/Erth       0%         N/A       99%         4
 Passage of Golubria      Tloc           1%         N/A       99%         4
 Petrify                  Tmut/Erth      1%         N/A       99%         4
 Alistair's Intoxication  Tmut/Pois      0%         N/A       100%        5
 Lee's Rapid Deconstruct  Erth           0%         3d5*      100%        5
 Metabolic Englaciation   Hex/Ice        0%         N/A       100%        5
 Yara's Violent Unravell  Hex/Tmut       0%         3d3       100%        5
 Simulacrum               Ice/Necr       0%         N/A       100%        6
 Haunt                    Necr/Summ      0%         N/A       100%        7
 Malign Gateway           Summ/Tloc      0%         N/A       100%        7
 Infestation              Necr           0%         N/A       100%        8
 Summon Horrible Things   Summ           0%         N/A       100%        8
 Statue Form              Tmut/Erth      Unusable   N/A       N/A         6

Dungeon Overview and Level Annotations

Branches:
Dungeon (11/15)            Temple (1/1) D:7           Sewer (visited)
   Lair: D:8-11         Orc: D:9-12

Altars:
Ashenzari
Cheibriados
Dithmenos
Elyvilon
Fedhas
Gozag
Hepliaklqana
Kikubaaqudgha
Makhleb
Nemelex Xobeh
Okawaru
Qazlal
Ru
Sif Muna
Trog
Uskayaw
Vehumet
Wu Jian
Xom
Yredelemnul
Zin
The Shining One
Lugonu

Shops:
D:3 !   D:6 *   D:9 =(   D:10 [

Annotations:
D:5 Sigmund
D:8 exclusion: statue
D:10 exclusion: oklob plant


Innate Abilities, Weirdness & Mutations

You are immune to sickness and miasma.
Your stone body is resilient. (AC +8)
You are immune to poison.
You resist negative energy. (rN+)
You are resistant to electric shocks. (rElec)
You are resistant to unholy torment.
You are immune to petrification.


Message History

The centaur warrior is severely wounded.
Your +9 flail "Gam Yter" {spect, rC+ rN+} closely misses the centaur warrior.
The centaur warrior unwields a +0 shortbow.
The centaur warrior wields a +1 vorpal long sword.
The centaur warrior closely misses you.
The centaur warrior kicks you but does no damage.
A manticore comes into view.
You closely miss the centaur warrior.
The centaur warrior is severely wounded.
Your +9 flail "Gam Yter" {spect, rC+ rN+} hits the centaur warrior.
The centaur warrior hits you but does no damage.
The centaur warrior barely misses you.
You completely miss the centaur warrior.
The centaur warrior is severely wounded.
Your +9 flail "Gam Yter" {spect, rC+ rN+} hits the centaur warrior!!
You kill the centaur warrior!
The cyclops is no longer distracted by gold.
The manticore flicks its tail.
The volley of spikes hits you!
The barbed spikes become lodged in your body.
Your Armour skill increases to level 6!
You have reached level 12!
You feel clever.
You fade into invisibility!
The cyclops is distracted by your dazzling golden aura.
The manticore flicks its tail.
The volley of spikes reflects off an invisible shield around you!
The volley of spikes hits the manticore!
Aiming: Mindburst
Press: ? - help, Shift-Dir - straight line, f - cyclops
Aim: a cyclops, quivering large rocks (unaware, hasn't noticed you, chance to affect: 69%)
The cyclops is no longer distracted by gold.
The cyclops shouts!
The cyclops struggles to resist.
A yak comes into view.
The manticore flicks its tail.
The volley of spikes hits you but does no damage.
The cyclops throws a large rock.
The large rock hits you!!
You die...
Your body crumbles into a pile of gold.

######.#######
..###....###. #.#
###.......... ...
###........###. ...##
###....#.....#.#. ####.
###.......##....##. $
.###....#....##..##...
##.....###............
#........#......#.....
#..$.@......##........
#C$####$..........#.#.#
:.l
#c.$...!.....#.#.#.#. |
#########H........... #
.#...#.#.#.#. # #
#Y#...# #.# # .###.. #
.#$ #


You could see a manticore (skewered), a cyclops and a yak (wandering).

Vanquished Creatures
  2 centaur warriors (D:11)
  A two-headed ogre (D:10)
  Sonja (D:11)
  A skeletal warrior (D:11)
  A manticore (D:11)
  A guardian serpent (shapeshifter) (D:11)
  Joseph (D:10)
  An efreet (D:11)
  A yaktaur (D:11)
  A kobold demonologist (D:11)
  A troll (D:8)
  Grinder (D:6)
  20 yaks
  A wraith (D:11)
  A vampire (D:10)
  Grum (D:9)
  A vampire mosquito (D:11)
  2 steam dragons
  An acid dragon (D:11)
  A hornet zombie (D:6)
  A sky beast (D:6)
  5 orc warriors
  3 ogres
  3 wolves (D:9)
  2 centaurs
  A phantom (D:7)
  2 kobold brigands
  4 bullfrogs
  A wyvern zombie (D:9)
  2 scorpions (D:6)
  2 water moccasin skeletons (D:5)
  9 killer bees
  An electric eel (D:6)
  9 wights
  A howler monkey (D:9)
  5 centaur zombies
  4 hounds
  A jelly (D:4)
  2 gnoll shamans
  4 iguanas
  9 orc wizards
  A killer bee zombie (D:6)
  A hound skeleton (D:4)
  8 gnolls
  5 adders
  4 river rats
  A shadow imp (D:5)
  A white imp (D:6)
  3 ufetubi
  A worm (D:2)
  A dart slug (D:3)
  27 orcs
  7 bats
  3 bat zombies (D:6)
  11 endoplasms
  5 giant cockroaches
  5 goblins
  9 hobgoblins
  11 jackals
  5 quokkas
  13 ball pythons
  13 frilled lizards
  13 kobolds
  12 rats
  A rat zombie (D:6)
273 creatures vanquished.

Vanquished Creatures (others)
  A basilisk (D:11)
  14 plants
15 creatures vanquished.

Grand Total: 288 creatures vanquished

Notes
Turn   | Place    | Note
-------+----------+-------------------------------------------
     0 | D:1      | oldmanjim the Gargoyle Fighter began the quest for the Orb.
     0 | D:1      | Reached XP level 1. HP: 14/14 MP: 1/1
    91 | D:1      | Found a faded altar of an unknown god.
   279 | D:1      | Reached XP level 2. HP: 19/19 MP: 2/2
  1109 | D:1      | Reached XP level 3. HP: 23/23 MP: 3/3
  1278 | D:2      | Reached skill level 3 in Maces & Flails
  1399 | D:2      | Found a shimmering altar of Xom.
  1890 | D:3      | Reached XP level 4. HP: 28/28 MP: 4/4
  1908 | D:3      | Found Jauronum's Distillery.
  2024 | D:3      | Bought a potion of curing for 42 gold pieces
  2024 | D:3      | Bought a potion of lignification for 42 gold pieces
  2682 | D:3      | Reached skill level 4 in Maces & Flails
  2687 | D:3      | Reached XP level 5. HP: 3/33 MP: 5/5
  2737 | D:5      | Entered Level 5 of the Dungeon
  2781 | D:4      | Found an opulent altar of Gozag.
  2784 | D:4      | Noticed an ogre
  2831 | D:4      | Killed an ogre
  2832 | D:4      | Reached skill level 5 in Maces & Flails
  2861 | D:4      | Reached XP level 6. HP: 15/38 MP: 6/6
  2875 | D:4      | Became a worshipper of Gozag Ym Sagoz the Greedy
  2960 | D:4      | Found a glowing drain.
  2976 | Sewer    | Entered a sewer
  3813 | D:4      | Reached skill level 6 in Maces & Flails
  4062 | D:5      | Noticed Sigmund
  4203 | D:5      | Reached XP level 7. HP: 39/43 MP: 7/7
  4280 | D:5      | Reached skill level 1 in Stealth
  4318 | D:5      | Identified the +9 flail "Gam Yter" {spect, rC+ rN+}
  4894 | D:6      | Reached skill level 7 in Maces & Flails
  4956 | D:6      | Reached XP level 8. HP: 46/48 MP: 8/8
  4964 | D:6      | Reached skill level 8 in Maces & Flails
  5088 | D:6      | Reached skill level 1 in Evocations
  5261 | D:6      | Reached skill level 5 in Fighting
  5353 | D:6      | Noticed Grinder
  5360 | D:6      | Killed Grinder
  5396 | D:6      | Reached skill level 9 in Maces & Flails
  5576 | D:6      | Reached XP level 9. HP: 54/54 MP: 9/9
  5628 | D:6      | Found a snail-covered altar of Cheibriados.
  5772 | D:6      | Found Otininni's General Store.
  5841 | D:6      | Found Edufey's Specific Store.
  5848 | D:6      | Bought a potion of resistance for 150 gold pieces
  5848 | D:6      | Bought a scroll of identify for 30 gold pieces
  5852 | D:6      | Bought a potion of berserk rage for 50 gold pieces
  5925 | D:6      | Found an ancient bone altar of Kikubaaqudgha.
  5961 | D:7      | Reached skill level 10 in Maces & Flails
  6015 | D:7      | You fall into a shaft and drop 1 floor!
  6177 | D:8      | Reached skill level 5 in Armour
  6235 | D:8      | Found a faded altar of an unknown god.
  6235 | D:8      | Found a faded altar of an unknown god.
  6242 | D:8      | Found a blossoming altar of Fedhas.
  6244 | D:8      | Found a stormy altar of Qazlal.
  6246 | D:8      | Found an ornate altar of the Wu Jian Council.
  6530 | D:7      | Identified the +2 leather armour "Nyasongula" {rF++ Int-5
                  | Dex+3}
  6534 | D:7      | Found a shadowy altar of Dithmenos.
  6553 | D:7      | Found a staircase to the Ecumenical Temple.
  6581 | Temple   | Entered the Ecumenical Temple
  6815 | D:7      | Reached skill level 11 in Maces & Flails
  6826 | D:7      | Reached skill level 12 in Maces & Flails
  6826 | D:7      | Reached XP level 10. HP: 44/59 MP: 10/10
  7358 | D:8      | Reached skill level 1 in Dodging
  7442 | D:8      | Found a radiant altar of Vehumet.
  7699 | D:9      | Found Guob's Antique Weapon Boutique.
  8473 | D:10     | Entered Level 10 of the Dungeon
  8552 | D:9      | Found a burning altar of Makhleb.
  8577 | D:9      | Noticed Grum
  8592 | D:9      | Killed Grum
  9365 | D:10     | Noticed Joseph
  9371 | D:10     | Noticed an oklob plant
  9378 | D:9      | Found Yliq's Jewellery Emporium.
  9639 | D:10     | Killed Joseph
  9640 | D:10     | Reached skill level 5 in Evocations
  9959 | D:10     | Found Kutyl's Armour Emporium.
  9969 | D:10     | Bought the +3 Mad Mage's Maulers {Infuse+∞ RegenMP Int-3}
                  | for 640 gold pieces
  9969 | D:10     | Found the +3 Mad Mage's Maulers {Infuse+∞ RegenMP Int-3}
 10017 | D:10     | Found a broken altar of Ashenzari.
 10038 | D:10     | Noticed a two-headed ogre
 10044 | D:10     | Killed a two-headed ogre
 10045 | D:10     | Reached skill level 13 in Maces & Flails
 10045 | D:10     | Reached XP level 11. HP: 67/67 MP: 0/11
 10097 | D:10     | Found a sparkling altar of Nemelex Xobeh.
 10426 | D:10     | Found an iron altar of Okawaru.
 10449 | D:10     | Found a hide-covered altar of Uskayaw.
 10531 | D:11     | Reached skill level 14 in Maces & Flails
 10730 | D:11     | Noticed a centaur warrior
 10751 | D:11     | Noticed Sonja
 10758 | D:11     | Killed Sonja
 10802 | D:11     | Killed a centaur warrior
 10806 | D:11     | Reached skill level 15 in Maces & Flails
 10841 | D:11     | Noticed a manticore
 10858 | D:11     | Noticed a manticore
 10866 | D:11     | Killed a manticore
 10867 | D:11     | Reached skill level 1 in Spellcasting
 10899 | D:11     | Noticed a skeletal warrior
 10906 | D:11     | Killed a skeletal warrior
 10907 | D:11     | Reached skill level 5 in Shields
 10911 | D:11     | Noticed a centaur warrior
 10916 | D:11     | Noticed a cyclops
 10921 | D:11     | Noticed a manticore
 10923 | D:11     | Killed a centaur warrior
 10924 | D:11     | Reached XP level 12. HP: 27/72 MP: 1/16
 10925 | D:11     | Hit by a large rock thrown by a cyclops

Illustrated notes

Levels and vault maps discovered:
D:1:      pf_arrival_petrified_forest, layout_rooms,
          chequers_ecumenical_altar_lobes, serial_curves, eino_curves_01,
          eino_curves_03
D:2:      layout_rooms, basic_altar, minmay_tetromino_t4
D:3:      layout_loops_ring, serial_shops, nicolae_diamond_shop
D:4:      layout_basic, nicolae_gozag_seed_capital, portal_sewer_entry_b
D:5:      layout_cave_pools, serial_bayou_crossing, uniq_sigmund
D:6:      layout_loops_ring, cheibriados_altar_1,
          lemuel_zombie_altar_kikubaaqudgha, kennysheep_path_1,
          nicolae_specific_store, uniq_grinder
D:7:      layout_loops_ring, grunt_dithmenos_smoke, minmay_temple_entry_glass
D:8:      layout_loops_corners, vehumet_statue,
          chequers_temple_overflow_minitemple
D:9:      layout_roguey, nicolae_overflow_crystal_walls, serial_shops,
          nicolae_stop_n_shop_2, nicolae_inconvenience_store, hex_tiny,
          uniq_grum
D:10:     layout_roguey, okawaru_trees_1, nemelex_spade_bored_becter,
          mainiacjoe_overflow_alcove_1, cheibrodos_ashenzari_chains,
          dpeg_oklobed_lair, serial_shops, nicolae_square_shop, uniq_joseph
D:11:     minmay_the_grid_triangle_9x9_recursive_3_mashed
          [minmay_the_grid_triangle_9x9_wacky_v,
          minmay_the_grid_triangle_9x9_pentomino_pain,
          minmay_the_grid_triangle_9x9_minimal,
          minmay_the_grid_triangle_9x9_prize_center,
          minmay_the_grid_triangle_9x9_windchime,
          minmay_the_grid_triangle_9x9_zippers_vertical,
          minmay_the_grid_triangle_9x9_swiss_cheese,
          minmay_the_grid_triangle_9x9_warning,
          minmay_the_grid_triangle_9x9_subtriangle], layout_loops_ring,
          uniq_sonja
Temple:   corrupted_temple

Skill      XL: |  1  2  3  4  5  6  7  8  9 10 11 |
---------------+----------------------------------+-----
Shields        | 4 5 |  5.0
Maces & Flails | 3 4 5 6 7 9 12 13 15 | 15.0
Fighting       | 4 5 7 |  7.0
Armour         | 4 5 6 |  6.2
Stealth        | 3 |  3.0
Evocations     | 3 5 |  5.0
Dodging        | 3 |  3.0
Spellcasting   | 2 |  2.9

Action                   |  1- 3 |  4- 6 |  7- 9 | 10-12 || total
-------------------------+-------+-------+-------+-------++-------
Melee: Flail             |    65 |       |   142 |   204 ||   411
       Whip              |    57 |   257 |    17 |       ||   331
Throw: Stone             |    12 |     3 |       |    12 ||    27
       Boomerang         |       |    14 |    18 |    23 ||    55
Evoke: Wand              |       |       |       |     1 ||     1
  Use: Potion            |       |     1 |       |     1 ||     2
       Scroll            |       |       |     5 |       ||     5
 Stab: Distracted        |       |       |     2 |     4 ||     6
       Sleeping          |       |       |       |     1 ||     1
Armor: Scale mail        |    33 |    14 |       |       ||    47
       Chain mail        |       |    77 |    51 |    10 ||   138
       Ring mail         |       |       |       |    69 ||    69
Dodge: Dodged            |    45 |    80 |    34 |    66 ||   225
Block: Buckler           |    16 |    54 |    52 |    67 ||   189
       Reflection        |       |       |     2 |     7 ||     9

Table legend: (Time is in decaauts)
 A = Elapsed time spent in this place.
 B = Non-inter-level travel time spent in this place.
 C = Inter-level travel time spent in this place.
 D = Time resting spent in this place.
 E = Time spent auto-exploring this place.
 F = Levels seen in this place.
 G = Mean time per level.
                   A        B        C        D        E       F      G
               +--------+--------+--------+--------+--------+-----+--------+
         Total |  10934 |  10471 |    463 |   1696 |   5469 |  13 |  841.1 |
       Dungeon |  10178 |   9727 |    451 |   1571 |   5075 |  11 |  925.3 |
        Temple |     41 |     29 |     12 |      0 |     22 |   1 |   41.0 |
         Sewer |    714 |    714 |      0 |    125 |    372 |   1 |  714.0 |
               +--------+--------+--------+--------+--------+-----+--------+

Top non-repeatable levels by time:
     D:8: 1502 daAuts
     D:1: 1200 daAuts
     D:9: 1183 daAuts
     D:6: 1083 daAuts
     D:4: 991 daAuts
     D:7: 924 daAuts
    D:10: 897 daAuts
     D:2: 773 daAuts
     D:3: 748 daAuts
   Sewer: 714 daAuts
     D:5: 487 daAuts
    D:11: 386 daAuts
  Temple: 41 daAuts
